AoeStats
← Chiripa605

Nomad

508846390Analyzed
4v4 RM · 7d ago on Sep 24, 2026· 76m 26s· 8 players
Game mode
Random Map
Map size
231×231
Population
200
Speed
Normal
Resources
Standard
Victory
Conquest
Starting age
Dark Age
Ending age
Imperial Age
RankedLock teamsTeams togetherTeam positionsShared explorationLock speedFull tech treeHidden civsTurbo modeCheats
Victory
Defeat
🇺🇸 Georgians · United States
1410
+12
🇻🇪 Teutons · Venezuela
1392
+13
🇨🇿 Teutons · Czechia
1228
+19
🇬🇧 Danes · United Kingdom
1175
+22
🇨🇳 Spanish · China
1345
-18
🇩🇪 Danes · Germany
1323
-17
🇨🇳 Mongols · China
1310
-16
🇳🇴 Bohemians · Norway
1265
-15
Jonsiboi
3:00 Loom
8:41 Loom
13:28 Feudal Age
20:55 Castle Age
29:33 Chemistry
29:13 Fletching
31:40 Double-Bit Axe
38:49 Bodkin Arrow
38:55 Padded Archer Armor
38:28 Crossbowman
41:12 Guard Tower
41:54 Ballistics
46:01 Leather Archer Armor
50:11 Wheelbarrow
49:22 Town Watch
49:57 Murder Holes
50:14 Masonry
50:13 Pikeman
50:54 Squires
51:00 Scale Mail Armor
51:10 Forging
55:05 Bow Saw
60:34 Imperial Age
59:01 Horse Collar
59:31 Caravan
59:55 Hand Cart
60:39 Arbalester
61:26 Bracer
61:28 Halberdier
67:13 Keep
66:24 Arrowslits
67:12 Architecture
69:53 Heavy Plow
73:38 Chain Mail Armor
73:59 Iron Casting
AOE2.GG | NONO
4:23 Loom
14:20 Feudal Age
15:26 Double-Bit Axe
17:12 Wheelbarrow
22:44 Castle Age
20:52 Horse Collar
24:11 Gold Mining
24:23 Heavy Plow
25:24 Scale Mail Armor
25:34 Forging
34:00 Fletching
34:11 Padded Archer Armor
34:48 Ballistics
40:05 Iron Casting
41:01 Arson
41:02 Gambesons
42:38 Hamask
49:58 Imperial Age
47:49 Chain Mail Armor
49:07 Murder Holes
49:22 Masonry
50:10 Hand Cart
49:40 Town Watch
49:57 Padded Archer Armor
50:02 Elite Jomsviking
51:04 Conscription
50:07 Northmen's Fury
52:26 Hoardings
52:23 Plate Mail Armor
52:53 Blast Furnace
56:24 Squires
55:47 Elite Varangian Guard
57:05 Elite Varangian Guard
59:24 Chemistry
58:30 Siege Engineers
58:35 Masonry
58:28 Elite Varangian Guard
74:51 Leather Archer Armor
74:41 Elite Skirmisher
75:44 Bow Saw
燕帖木儿
7:17 Loom
16:26 Feudal Age
24:07 Castle Age
47:48 Sanctity
53:01 Redemption
西湖天地
4:30 Loom
14:09 Feudal Age
18:12 Castle Age
20:56 Double-Bit Axe
21:35 Horse Collar
25:18 Wheelbarrow
27:55 Heavy Plow
28:08 Bow Saw
29:30 Stone Mining
29:31 Gold Mining
32:06 Fletching
32:16 Padded Archer Armor
34:51 Imperial Age
33:19 Gold Shaft Mining
33:19 Stone Shaft Mining
33:17 Hand Cart
34:42 Stone Shaft Mining
35:06 Thumb Ring
34:57 Elite Mangudai
35:35 Bodkin Arrow
35:55 Leather Archer Armor
35:48 Husbandry
35:59 Bloodlines
38:10 Bracer
38:35 Ballistics
39:32 Parthian Tactics
40:14 Chemistry
40:06 Forging
40:02 Scale Barding Armor
39:44 Light Cavalry
43:35 Conscription
42:38 Hussar
43:39 Chain Barding Armor
44:52 Iron Casting
46:41 Blast Furnace
Ham Shank
3:53 Loom
13:39 Feudal Age
14:06 Double-Bit Axe
20:43 Castle Age
22:18 Medium Warships
22:01 Horse Collar
25:14 Stone Mining
25:14 Gold Mining
26:38 Wheelbarrow
25:48 Town Watch
26:30 Bow Saw
26:29 Heavy Plow
28:52 Hand Cart
31:21 Town Patrol
32:51 Fishing Lines
34:17 Fletching
37:13 Imperial Age
35:49 Gold Shaft Mining
37:06 Gambesons
37:22 Squires
37:07 Arson
37:21 Bodkin Arrow
37:27 Scale Mail Armor
37:38 Forging
37:30 Onager
37:34 Capped Ram
38:38 Conscription
37:40 Northmen's Fury
38:48 Ballistics
39:34 Chemistry
39:17 Siege Engineers
39:35 Ballistics
39:48 Chain Mail Armor
38:59 Hamask
39:38 Siege Onager
41:15 Siege Ram
41:29 Elite Jomsviking
43:55 Plate Mail Armor
44:02 Iron Casting
52:21 Masonry
52:14 Bracer
53:15 Blast Furnace
52:16 Padded Archer Armor
55:49 Hoardings
55:14 Murder Holes
DESTINNI
5:22 Loom
16:38 Feudal Age
17:15 Double-Bit Axe
20:41 Stone Mining
24:00 Castle Age
26:04 Wheelbarrow
33:20 Wheelbarrow
32:35 Town Watch
33:19 Gold Mining
33:41 Bow Saw
35:18 Horse Collar
35:50 Bow Saw
36:21 Scale Mail Armor
37:03 Heavy Plow
39:30 Pikeman
41:47 Fletching
44:30 Imperial Age
42:26 Bodkin Arrow
43:52 Padded Archer Armor
43:13 Elite Skirmisher
44:08 Squires
43:53 Arson
45:58 Conscription
62:32 Ballistics
63:13 Chemistry
62:39 Hand Cart
65:11 Masonry
66:33 Siege Engineers
66:57 Caravan
68:05 Crop Rotation
70:30 Two-Man Saw
71:06 Leather Archer Armor
71:07 Chain Mail Armor
71:03 Forging
70:58 Scale Barding Armor
72:43 Bloodlines
71:54 Cavalier
73:05 Ring Archer Armor
73:00 Fortified Wall
72:56 Siege Engineers
75:49 Town Patrol
77:15 Plate Mail Armor
Chiripa605
4:18 Loom
14:04 Feudal Age
14:37 Double-Bit Axe
15:31 Fishing Lines
21:48 Castle Age
20:10 Forging
20:50 Gold Mining
21:19 Scale Mail Armor
22:24 Gillnets
22:46 Medium Warships
22:51 Bow Saw
25:37 Wheelbarrow
24:52 Town Watch
25:59 Stone Mining
30:01 Scale Barding Armor
30:08 Bloodlines
30:51 Horse Collar
33:04 Chain Barding Armor
38:11 Imperial Age
37:51 Iron Casting
38:23 Hand Cart
39:33 Plate Barding Armor
39:47 Elite Monaspa
42:21 Fletching
43:36 Ballistics
43:50 Svan Towers
44:10 Guard Tower
45:14 Murder Holes
47:29 Bodkin Arrow
47:22 Arrowslits
48:58 Bracer
50:20 Chemistry
51:19 Keep
51:13 Treadmill Crane
52:46 Light Cavalry
53:33 Devotion
54:10 Husbandry
54:46 Masonry
55:58 Architecture
59:38 Blast Furnace
58:29 Hussar
59:18 Cavalier
59:41 Capped Ram
64:11 Stone Shaft Mining
63:32 Siege Ram
68:29 Chain Mail Armor
68:22 Siege Engineers
71:03 Padded Archer Armor
74:00 Leather Archer Armor
Lord Gio
8:59 Loom
13:35 Feudal Age
15:24 Double-Bit Axe
15:20 Horse Collar
21:45 Fletching
25:54 Castle Age
28:24 Wheelbarrow
29:14 Bodkin Arrow
30:44 Hand Cart
30:14 Town Watch
31:11 Bow Saw
31:01 Heavy Plow
30:53 Gold Mining
30:54 Stone Mining
31:34 Guard Tower
34:28 Ballistics
41:27 Imperial Age
39:29 Scale Barding Armor
39:34 Forging
41:26 Bloodlines
42:02 Stone Shaft Mining
42:32 Chain Barding Armor
42:34 Cavalier
44:21 Plate Barding Armor
46:50 Iron Casting
50:48 Blast Furnace
54:23 Paladin
61:29 Crenellations
69:25 Two-Man Saw
68:56 Crop Rotation
72:21 Chemistry
74:45 Fishing Lines
Connection lost

Rejoining the realm…

Still unreachable

The connection could not be restored.

Session expired

The server has moved on; the page needs a fresh start.